 Dungeon Crawl Stone Soup version 0.22.0-2-ge58baed (webtiles) character file.

679 Faca the Chopper (level 7, -3/58 HPs)
             Began as a Formicid Fighter on Aug 12, 2018.
             Killed from afar by an orc wizard (9 damage)
             ... with a magic dart
             ... on level 4 of the Dungeon.
             The game lasted 00:07:04 (2364 turns).

Faca the Chopper (Formicid Fighter)                 Turns: 2364, Time: 00:07:06

Health: -3/58      AC:  8    Str: 22    XL:     7   Next: 92%
Magic:  7/7        EV:  8    Int:  8    God:
Gold:   111        SH:  9    Dex: 10    Spells: 6/6 levels left

rFire    . . .     SeeInvis +   a - +0 war axe
rCold    . . .     Gourm    .   c - +0 shield
rNeg     . . .     Faith    .   b - +0 scale mail
rPois    .         Spirit   .   (helmet unavailable)
rElec    .         Reflect  .   n - +0 cloak
rCorr    +         Harm     .   (no gloves)
MR       .....                  (no boots)
Stlth    ..........             (no amulet)
HPRegen  0.19/turn              q - ring of resist corrosion (curse)
MPRegen  0.10/turn              (no ring)

@: no status effects
A: permanent stasis, dig shafts and tunnels, four strong arms, antennae 3
a: Dig, Shaft Self


You were on level 4 of the Dungeon.
You were not hungry.

You visited 1 branch of the dungeon, and saw 4 of its levels.

You collected 111 gold pieces.

Inventory:

Hand Weapons
 a - a +0 war axe (weapon)
Armour
 b - a +0 scale mail (worn)
 c - a +0 shield (worn)
 n - a +0 cloak (worn)
Jewellery
 q - a cursed ring of resist corrosion (left hand)
Scrolls
 e - 3 scrolls of identify {unknown}
 h - a scroll of fog {unknown}
 i - 2 scrolls of enchant weapon {unknown}
 j - 3 scrolls of immolation {unknown}
 k - 2 scrolls of enchant armour {unknown}
 m - a scroll of amnesia {unknown}
Potions
 d - a potion of flight {unknown}
 g - a potion of curing {unknown}
 l - 2 potions of ambrosia {unknown}
 o - a potion of lignification {unknown}
 p - a potion of heal wounds {unknown}
Comestibles
 f - 2 rations


   Skills:
 + Level 6.0 Fighting
 * Level 6.9 Axes
 - Level 3.2 Armour
 - Level 3.6 Shields


You had 6 spell levels left.
You didn't know any spells.
Your spell library was empty.

Dungeon Overview and Level Annotations

Branches:
Dungeon (4/15)
 Temple: D:4-7

Altars:


Innate Abilities, Weirdness & Mutations

You cannot be hasted, slowed, berserked, paralysed or teleported.
You can dig through walls and to a lower floor.
Your four strong arms can wield two-handed weapons with a shield.
You have a pair of large antennae on your head. (SInv)


Message History

You kill the orc!
The orc wizard gestures wildly while chanting.
The orc wizard blinks!
The orc wizard casts a spell at you.
You easily resist.
The orc wizard gestures at you while chanting.
The magic dart hits you!
* * * LOW HITPOINT WARNING * * *
You closely miss the orc wizard.
The orc wizard is severely wounded.
You block the orc wizard's attack. x2
The orc wizard hits you but does no damage.
You hit the orc wizard.
The orc wizard is heavily wounded.
You hit the orc wizard but do no damage.
The orc wizard hits you but does no damage. x2
You block the orc wizard's attack. The orc wizard casts a spell at you.
The magic dart hits you!
You die...

#..#
##.........#
...
#.......#...
.
###.######..
#..# ##.# .
#.# #.. #(#
. #..#o###


.oo #..o@.##..... #............ #...........o #............ ############# You
could see 2 orc wizards.

Vanquished Creatures
  Grinder (D:3)
  The ghost of Moonstruck the Chopper, an amateur VSFi (D:3)
  2 ogres (D:4)
  An orc priest (D:4)
  2 orc wizards (D:3)
  A hound skeleton (D:4)
  Robin (D:3)
  2 adders
  2 oozes (D:3)
  4 dart slugs
  2 leopard geckos
  3 orcs
  2 giant cockroaches (D:2)
  12 goblins
  15 hobgoblins
  4 jackals (D:2)
  A quokka (D:2)
  A ball python (D:2)
  8 bats
  6 frilled lizards
  3 kobolds
  11 rats
85 creatures vanquished.

Notes
Turn   | Place    | Note
-------+----------+-------------------------------------------
     0 | D:1      | Faca the Formicid Fighter began the quest for the Orb.
     0 | D:1      | Reached XP level 1. HP: 18/18 MP: 1/1
   159 | D:1      | Reached XP level 2. HP: 21/24 MP: 2/2
   548 | D:2      | Reached XP level 3. HP: 30/30 MP: 3/3
  1240 | D:3      | Reached XP level 4. HP: 36/37 MP: 4/4
  1382 | D:3      | Noticed Robin
  1412 | D:3      | Killed Robin
  1469 | D:3      | Noticed Grinder
  1486 | D:3      | Killed Grinder
  1486 | D:3      | Reached skill level 5 in Fighting
  1486 | D:3      | Reached skill level 5 in Axes
  1486 | D:3      | Reached XP level 5. HP: 31/44 MP: 5/5
  1486 | D:3      | Reached XP level 6. HP: 36/51 MP: 6/6
  1907 | D:3      | Found a runed gate.
  1909 | D:3      | Found a runed gate.
  1910 | D:3      | Found a runed gate.
  1913 | D:3      | Noticed Moonstruck's ghost (amateur VSFi)
  1931 | D:3      | Killed Moonstruck's ghost
  1931 | D:3      | Reached XP level 7. HP: 56/56 MP: 7/7
  2364 | D:4      | Killed from afar by an orc wizard

Skill      XL: |  1  2  3  4  5  6  7 |
---------------+----------------------+-----
Axes           | 3 5 6 |  6.9
Fighting       | 4 5 6 |  6.0
Armour         | |  3.2
Shields        | |  3.6

Action                   |  1- 3 |  4- 6 |  7- 9 || total
-------------------------+-------+-------+-------++-------
Melee: War axe           |   120 |    90 |    48 ||   258
  Use: Potion            |       |     2 |       ||     2
  Eat: Ration            |     1 |       |     1 ||     2
Armor: Scale mail        |    70 |    34 |    17 ||   121
Dodge: Dodged            |    41 |    22 |    17 ||    80
Block: Shield            |    65 |    50 |    23 ||   138
